Map: Redshift LE

Players

NORTHAMERICA

  • Race: Protoss Protoss
  • League: Grandmaster
  • Spawn Location: 7:00

IlIlIlIlIlIl

  • Race: Terran Terran
  • League: Grandmaster
  • Spawn Location: 11:00

VOD

Have the link to the VOD?

Description

Time

  • Played on: July 4, 2018, 1:56 a.m.
  • Length: 20:38
Show
View Real Time Build Order
Export as new Build Order

NORTHAMERICA Protoss 

Build Orders:  

Get SALT Encoding   

  12  0:01  Probe  
  13  0:13  Probe  
  14  0:18  Pylon  
  14  0:25  Probe  
  15  0:33  Probe  
  15  0:37  Gateway  
  15  0:42  Probe  
  16  0:47  Assimilator  
  17  0:51  Probe  
  18  1:03  Probe  
  19  1:05  Pylon  
  19  1:15  Probe  
  20  1:26  Cybernetics Core  
  20  1:27  Probe  
  20  1:31  Pylon  
  21  1:39  Probe, Assimilator  
  22  1:45  Zealot  
  22  1:50  Pylon  
  22  1:52  Probe  
  25  2:02  Pylon  
  25  2:03  Stalker  
  25  2:04  Warp Gate  
  25  2:07  Probe  
  28  2:22  Robotics Facility  
  28  2:26  Stalker  
  30  2:43  Probe  
  31  2:56  Stalker  
  33  3:08  Nexus  
  33  3:13  Immortal  
  36  3:28  Pylon  
  36  3:38  Gateway  
  36  3:42  Probe  
  36  3:48  Shield Battery  
  37  3:52  Observer  
  37  3:54  Probe  
  39  4:06  Observer  
  39  4:10  Probe  
  39  4:12  Gateway  
  41  4:23  Probe  
  40  4:29  Stalker  
  38  4:33  Probe  
  38  4:35  Probe  
  40  4:43  Observer  
  40  4:45  Probe  
  42  4:46  Probe  
  42  4:48  Stalker  
  45  4:56  Sentry  
  45  4:57  Probe  
  48  5:02  Probe  
  49  5:14  Stalker x2  
  49  5:17  Probe  
  49  5:18  Probe  
  55  5:25  Pylon, Probe  
  55  5:30  Probe  
  55  5:33  Probe  
  57  5:41  Adept  
  57  5:42  Adept  
  62  5:43  Probe  
  62  5:46  Assimilator x2  
  63  5:50  Robotics Bay  
  63  5:58  Stalker  
  64  6:08  Probe  
  65  6:13  Stalker  
  65  6:16  Probe  
  66  6:21  Stalker x2  
  66  6:24  Probe  
  65  6:29  Probe  
  65  6:32  Probe  
  64  6:34  Disruptor  
  64  6:37  Probe  
  65  6:43  Observer  
  69  6:48  Pylon  
  69  6:50  Observer  
  69  6:52  Probe x2  
  70  7:00  Pylon  
  70  7:04  Disruptor  
  70  7:06  Probe x2  
  75  7:18  Probe  
  75  7:20  Gateway  
  76  7:23  Probe  
  76  7:27  Twilight Council  
  76  7:29  Gateway  
  77  7:30  Disruptor  
  77  7:32  Probe  
  78  7:42  Blink  
  81  7:51  Pylon  
  81  7:57  Nexus  
  81  8:01  Disruptor  
  81  8:04  Observer  
  81  8:06  Observer  
  81  8:10  Probe x2, Dark Shrine  
  86  8:22  Probe  
  87  8:31  Probe  
  88  8:36  Disruptor  
  91  8:42  Forge  
  91  8:44  Gateway  
  91  8:47  Zealot  
  93  8:52  Pylon  
  93  8:54  Pylon  
  93  9:02  Probe  
  94  9:07  Pylon  
  94  9:11  Stalker x4  
  94  9:12  Disruptor  
  94  9:15  Protoss Ground Weapons Level 1, Observer  
  103  9:30  Dark Templar  
  105  9:34  Assimilator  
  105  9:42  Pylon  
  105  9:43  Pylon  
  105  9:45  Pylon  
  105  9:48  Disruptor  
  104  9:56  Stalker x4  
  104  9:57  Stalker  
  106  10:04  Dark Templar  
  85  10:20  Dark Templar  
  77  10:23  Disruptor  
  73  10:35  Stalker x3  
  73  10:36  Stalker  
  79  10:51  Stalker  
  81  11:01  Adept x4  
  81  11:02  Adept  
  81  11:03  Disruptor  
  78  11:20  Stalker  
  80  11:25  Stalker x2  
  80  11:26  Stalker  
  86  11:33  Nexus  
  85  11:42  Observer  
  85  11:44  Disruptor  
  88  11:52  Stalker x3  
  80  12:24  Adept x4  
  80  12:25  Adept x2  
  73  12:46  Stalker x2  
  74  12:55  Dark Templar  
  74  13:05  Stalker  
  70  13:16  Stalker  
  70  13:19  Pylon  
  71  13:23  Assimilator  
  71  13:24  Adept  
  71  13:40  Adept x2  
  73  13:55  Dark Templar  
  58  14:14  Dark Templar  
  42  15:16  Pylon  
  42  15:36  Observer  
  42  15:44  Pylon  
  42  17:02  Observer  
Show
View Real Time Build Order
Export as new Build Order

IlIlIlIlIlIl Terran 

Build Orders: Cyclone Opening, MMM Bio 

Get SALT Encoding   

  12  0:00  SCV  
  13  0:12  SCV  
  14  0:17  Supply Depot  
  14  0:25  SCV  
  15  0:30  Refinery  
  15  0:39  SCV  
  16  0:47  Barracks  
  16  0:51  SCV  
  16  0:55  Refinery  
  17  1:03  SCV  
  18  1:15  SCV  
  19  1:27  SCV  
  20  1:37  Reaper  
  20  1:39  Factory  
  21  1:44  Orbital Command  
  20  1:59  Supply Depot  
  20  2:10  Reaper  
  20  2:13  SCV  
  22  2:23  Cyclone  
  22  2:29  SCV  
  26  2:35  Starport  
  26  2:41  SCV  
  27  2:44  Barracks Reactor  
  27  2:48  Supply Depot  
  27  2:53  SCV  
  28  3:03  Widow Mine  
  30  3:06  SCV  
  31  3:19  Supply Depot, Medivac  
  33  3:20  Marine x2  
  33  3:21  SCV  
  33  3:25  Widow Mine  
  38  3:33  SCV  
  39  3:40  Marine x2  
  41  3:47  SCV  
  42  3:54  Command Center  
  42  3:55  Factory Tech Lab  
  42  3:58  Liberator  
  42  4:02  SCV  
  43  4:05  Supply Depot  
  40  4:10  Marine x2  
  42  4:33  SCV  
  42  4:34  Siege Tank, Marine x2  
  46  4:46  SCV  
  46  4:50  Supply Depot  
  47  4:52  Marine  
  47  4:53  Marine  
  49  5:02  Viking  
  49  5:03  SCV  
  52  5:08  Orbital Command  
  52  5:17  Bunker  
  52  5:20  SCV  
  53  5:23  Siege Tank  
  56  5:29  Marine x2  
  58  5:35  SCV x2  
  58  5:39  Starport Reactor  
  58  5:41  Barracks, Starport Tech Lab  
  58  5:42  Barracks  
  59  5:53  Marine x2  
  59  5:55  SCV x2  
  63  5:58  Refinery  
  63  5:59  Siege Tank  
  63  6:02  Supply Depot  
  66  6:08  Starport Reactor  
  66  6:10  SCV x2, Marine  
  66  6:11  Marine  
  70  6:18  Supply Depot  
  67  6:25  Engineering Bay  
  67  6:27  SCV x2  
  67  6:28  Barracks, Marine x2  
  67  6:29  Barracks  
  67  6:30  Refinery  
  71  6:34  Barracks Tech Lab  
  71  6:37  Supply Depot  
  71  6:41  Siege Tank  
  71  6:42  SCV  
  71  6:43  SCV  
  71  6:44  Stimpack  
  76  6:55  SCV x2  
  76  6:57  Terran Infantry Weapons Level 1  
  76  6:59  Marauder x2, Marine x2  
  76  7:01  Supply Depot  
  84  7:07  Supply Depot, Medivac  
  86  7:11  Combat Shields  
  86  7:20  Medivac  
  86  7:21  Barracks Reactor  
  86  7:22  Supply Depot x2, Barracks Tech Lab  
  86  7:25  Marine x2  
  86  7:26  Marauder  
  86  7:29  Marauder  
  92  7:41  Marauder, Concussive Shells  
  92  7:42  Marine  
  92  7:43  Marine  
  96  7:47  Marauder  
  96  7:50  Marauder  
  100  7:51  Siege Tank  
  100  7:52  Supply Depot x2  
  103  8:00  Marine  
  103  8:01  Marine x3  
  103  8:02  Medivac  
  103  8:03  Medivac  
  111  8:09  Marauder x2  
  111  8:12  Marauder  
  117  8:20  Marine x3  
  117  8:21  Supply Depot x2, Marine  
  117  8:22  Liberator x2  
  117  8:23  Missile Turret  
  121  8:31  Missile Turret  
  121  8:32  Marauder x2  
  121  8:33  Marauder  
  133  8:51  Supply Depot, Marine x4  
  133  8:53  Marauder  
  133  8:54  Supply Depot  
  139  9:00  Siege Tank  
  139  9:01  Marauder x2  
  146  9:13  Marine x2  
  146  9:14  Marine  
  146  9:15  Liberator  
  148  9:27  Marine  
  148  9:28  Marauder x3, Terran Infantry Armor Level 1  
  147  9:31  Supply Depot  
  147  9:34  Supply Depot  
  150  9:52  Marauder, Marine  
  127  9:57  Marauder, Marine x2  
  127  9:58  Marauder, Missile Turret, Siege Tank  
  132  10:04  Marine  
  132  10:05  SCV  
  132  10:06  SCV, Missile Turret  
  129  10:14  Marauder  
  129  10:20  Marauder x2, Marine x3  
  130  10:27  Marine  
  126  10:34  Marine  
  122  10:39  Marine x3  
  122  10:41  Marine  
  122  10:50  Marine  
  122  10:51  Marauder  
  122  10:52  Marine  
  122  10:57  Marine x2  
  126  10:59  Marauder  
  130  11:07  Marine  
  130  11:08  Marine  
  130  11:11  Marauder  
  116  11:22  Siege Tank  
  119  11:34  Marauder x2, Marine x3  
  126  11:45  Marauder, Marine  
  122  11:52  Marine x3  
  117  12:01  Marauder  
  117  12:02  Marauder, Marine  
  103  12:08  Orbital Command  
  115  12:22  Marine  
  115  12:23  Marauder x2  
  118  12:32  Liberator  
  105  12:47  Siege Tank  
  108  13:03  Marauder, Marine x2  
  109  13:10  Marauder, Marine x2  
  105  13:19  Siege Tank  
  107  13:23  Missile Turret  
  107  13:24  Orbital Command  
  105  13:37  Marine  
  105  13:38  Marauder x2, Marine  
  105  13:41  Medivac  
  113  14:04  Marauder x2, Marine x3  
  113  14:05  Marauder  
  114  14:12  Marine  
  101  14:21  Marine  
  100  14:24  Marine  
  100  14:26  Marauder  
  84  14:48  Marauder, Marine  
  83  14:56  Marine  
Tags
 
Add a new tag
Caveats
  • Supply blocks, unpowered buildings, or Contaminate may cause inaccurate times.
  • Supply counts are checked every 10 seconds.